AoeStats
← crtolino93

Black Forest

504430240Analyzed
4v4 RM · 27d ago on Sep 5, 2026· 48m 14s· 8 players
Game mode
Random Map
Map size
Large (8 player)
Population
200
Speed
Normal
Resources
Standard
Victory
Conquest
Starting age
Dark Age
Ending age
Imperial Age
RankedLock teamsTeams togetherTeam positionsShared explorationLock speedFull tech treeHidden civsTurbo modeCheats
Victory
Defeat
🇨🇳 Persians · China
1267
+9
🇨🇳 Byzantines · China
1149
+14
🇨🇳 Celts · China
1112
+15
🇨🇳 Ethiopians · China
1027
+19
🇲🇽 Chinese · Mexico
1122
-15
🇸🇮 Bengalis · Slovenia
1108
-15
🇨🇳 Turks · China
1090
-14
🇩🇰 Britons · Denmark
1081
-13
crtolino93
2:53 Loom
10:19 Feudal Age
11:04 Double-Bit Axe
12:43 Horse Collar
17:03 Castle Age
17:02 Wheelbarrow
17:07 Gold Mining
18:28 Bow Saw
21:52 Fletching
23:24 Scale Barding Armor
25:28 Bloodlines
25:25 Husbandry
26:30 Town Watch
27:03 Hand Cart
27:54 Caravan
28:00 Heavy Plow
29:04 Chain Barding Armor
30:43 Stone Mining
31:15 Forging
31:52 Gold Shaft Mining
34:35 Imperial Age
32:32 Paiks
33:58 Iron Casting
35:06 Ballistics
35:03 Elite Elephant Archer
35:44 Bodkin Arrow
35:50 Padded Archer Armor
36:35 Conscription
36:36 Bracer
38:14 Chemistry
38:00 Leather Archer Armor
39:09 Two-Man Saw
38:41 Crop Rotation
39:28 Ring Archer Armor
40:32 Plate Barding Armor
41:01 Elite Battle Elephant
44:50 Blast Furnace
44:08 Masonry
b² - 4ac
0:36 Loom
12:27 Feudal Age
16:10 Castle Age
14:32 Double-Bit Axe
14:29 Horse Collar
15:18 Gold Mining
18:43 Bow Saw
20:02 Wheelbarrow
24:06 Husbandry
24:30 Bloodlines
26:23 Light Cavalry
34:58 Scale Barding Armor
35:03 Forging
38:17 Hand Cart
Farmerboi02
5:58 Loom
11:32 Feudal Age
12:29 Double-Bit Axe
12:45 Horse Collar
18:33 Castle Age
19:23 Wheelbarrow
19:37 Heavy Plow
19:48 Bow Saw
21:23 Hand Cart
26:24 Fletching
27:08 Caravan
27:23 Bodkin Arrow
27:29 Padded Archer Armor
28:48 Gold Mining
28:54 Stone Mining
32:14 Imperial Age
30:40 Leather Archer Armor
31:47 Ballistics
33:49 Guilds
35:12 Chemistry
34:15 Bracer
34:45 Ring Archer Armor
35:18 Yeomen
35:46 Elite Longbowman
39:19 Warwolf
39:40 Conscription
asbt5678
1:41 Loom
12:24 Feudal Age
16:33 Castle Age
14:24 Double-Bit Axe
14:57 Gold Mining
21:02 Imperial Age
30:54 Horse Collar
35:35 Wheelbarrow
37:01 Bow Saw
83716497273
4:00 Loom
12:34 Feudal Age
13:33 Double-Bit Axe
13:30 Horse Collar
16:11 Castle Age
17:16 Bow Saw
17:07 Heavy Plow
18:31 Wheelbarrow
24:01 Gold Mining
29:08 Imperial Age
27:33 Hand Cart
27:21 Town Watch
28:43 Gold Shaft Mining
27:58 Stone Mining
28:44 Ballistics
28:40 Stone Mining
30:18 Stone Shaft Mining
30:57 Two-Man Saw
29:39 Onager
29:43 Capped Ram
31:07 Siege Ram
33:28 Chemistry
33:07 Siege Onager
34:04 Torsion Engines
34:28 Conscription
34:42 Heavy Scorpion
43:44 Town Patrol
46:05 Siege Engineers
巨浪大切
11:03 Feudal Age
12:00 Double-Bit Axe
11:57 Horse Collar
14:46 Castle Age
15:41 Bow Saw
15:32 Heavy Plow
22:31 Wheelbarrow
21:43 Loom
22:24 Gold Mining
24:21 Gold Shaft Mining
24:15 Hand Cart
24:19 Scale Barding Armor
24:19 Town Watch
25:11 Bloodlines
25:02 Husbandry
26:08 Chain Barding Armor
26:38 Forging
31:11 Imperial Age
31:21 Cavalier
31:23 Light Cavalry
33:09 Chemistry
32:46 Plate Barding Armor
32:47 Iron Casting
32:00 Capped Ram
32:48 Savar
34:02 Heavy Camel Rider
36:46 Two-Man Saw
36:20 Crop Rotation
35:50 Hussar
39:17 Blast Furnace
kiyohime
2:00 Loom
13:15 Feudal Age
14:39 Wheelbarrow
17:19 Castle Age
16:08 Horse Collar
17:41 Double-Bit Axe
20:23 Heavy Plow
20:39 Bow Saw
27:26 Gold Mining
27:27 Stone Mining
28:45 Hand Cart
32:44 Imperial Age
31:30 Gold Shaft Mining
31:31 Stone Shaft Mining
30:40 Treadmill Crane
31:21 Ballistics
32:11 Pikeman
32:52 Squires
32:52 Fletching
33:02 Padded Archer Armor
33:54 Conscription
33:33 Bodkin Arrow
33:53 Forging
33:44 Scale Mail Armor
34:19 Crop Rotation
34:56 Two-Man Saw
35:36 Iron Casting
35:04 Bracer
35:20 Leather Archer Armor
34:57 Arson
35:06 Halberdier
35:16 Man-at-Arms
35:42 Gambesons
36:17 Chain Mail Armor
35:58 Long Swordsman
36:58 Guilds
37:46 Plate Mail Armor
37:47 Ring Archer Armor
36:41 Two-Handed Swordsman
37:55 Fortified Wall
37:21 Champion
40:39 Scale Barding Armor
45:20 Hoardings
45:48 Chemistry
44:44 Murder Holes
唐尚书右丞王维
0:28 Loom
11:39 Feudal Age
16:56 Castle Age
16:16 Double-Bit Axe
16:55 Horse Collar
17:10 Pikeman
29:08 Scale Mail Armor
30:42 Forging
42:15 Wheelbarrow
47:57 Imperial Age
47:34 Ballistics
48:12 Chain Mail Armor
48:32 Iron Casting
48:03 Halberdier
Connection lost

Rejoining the realm…

Still unreachable

The connection could not be restored.

Session expired

The server has moved on; the page needs a fresh start.